 Dungeon Crawl Stone Soup version 0.31.0-9-g3a7656b989 (webtiles) character file.

Game seed: 5006477233163728169

243 EnegeticOcto the Ruffian (level 5, 53/53 HPs)
             Began as a Troll Monk on Jan 31, 2024.
             Quit the game on level 4 of the Dungeon.
             The game lasted 00:01:06 (1709 turns).

EnegeticOcto the Ruffian (Troll Monk)               Turns: 1709, Time: 00:01:07

Health: 53/53      AC:  4    Str: 19    XL:     5   Next: 82%
Magic:  4/4        EV: 11    Int:  6    God:
Gold:   122        SH:  0    Dex: 14    Spells: 4/4 levels left

rFire   . .          .
                       - Unarmed
rCold   . . .        c - orb {light}
rNeg    . . .        a - +0 robe
rPois   .            (helmet restricted)
rElec   .            (no cloak)
rCorr   .            (gloves unavailable)
SInv    .            (boots unavailable)
Will    .....        (no amulet)
Stlth   +            (no ring)
HPRegen 1.08/turn    (no ring)
MPRegen 0.09/turn

%: no passive effects
@: glowing
A: large, unfitting armour, claws 3, regeneration 1, shaggy fur 1, tough skin 1
a: no special abilities


You were on level 4 of the Dungeon.
You visited 1 branch of the dungeon, and saw 4 of its levels.

You collected 122 gold pieces.

Inventory:

Armour
 a - a +0 robe (worn)
 c - an orb of light (worn)
Jewellery
 f - a +4 ring of slaying
   (You found it on level 1 of the Dungeon)
 q - a +5 ring of evasion
   (You found it on level 2 of the Dungeon)
Scrolls
 g - 2 scrolls of vulnerability {unknown}
 h - 2 scrolls of enchant weapon {unknown}
 i - 2 scrolls of noise {unknown}
 j - 2 scrolls of revelation {unknown}
 k - 4 scrolls of teleportation {unknown}
 m - 2 scrolls of identify {unknown}
 s - a scroll of fear {unknown}
Potions
 b - a potion of ambrosia
 d - 2 potions of curing {unknown}
 e - a potion of enlightenment {unknown}
 l - a potion of mutation {unknown}
 n - a potion of cancellation {unknown}
 o - a potion of invisibility {unknown}
 p - a potion of lignification {unknown}
 r - a potion of heal wounds {unknown}


   Skills:
 + Level 3.3 Fighting
 + Level 3.4 Dodging
 * Level 5.1 Unarmed Combat


You had 4 spell levels left.
You didn't know any spells.
Your spell library contained the following spells:

 Spells                   Type           Power      Damage    Failure   Level
 Blink                    Tloc           0%         N/A       58%         2
 Jinxbite                 Hex            0%         N/A       58%         2
 Lesser Beckoning         Tloc           0%         N/A       58%         2
 Momentum Strike          Conj/Tloc      0%         3d8       58%         2
 Summon Forest            Summ/Tloc      0%         N/A       100%        5
 Yara's Violent Unravell  Hex/Alch       0%         3d3       100%        5
 Eringya's Noxious Bog    Alch           0%         4d6       100%        6
 Enfeeble                 Hex            0%         N/A       100%        7
 Summon Hydra             Summ           0%         N/A       100%        7


Dungeon Overview and Level Annotations

Branches:
Dungeon (4/15) Zot: 22303
 Temple: D:4-7

Altars:


Innate Abilities, Weirdness & Mutations

You are too large for most types of armour.
You have claws for hands.
Your natural rate of healing is unusually fast.
You are covered in fur. (AC +1)
You have tough skin. (AC +1)


Message History

No target in view!
No target in view!
No target in view!
No target in view!
No target in view!
You open the door.
There is an open door here.
There is a dry fountain here.
As you open the door, it creaks loudly!
There is an open door here.
Found a stone staircase leading up.
A bat comes into view.
A bat is nearby!
A bat is nearby!
You barely miss the bat. The bat misses you. The bat hits you.
The bat hits you but does no damage.
You barely miss the bat. The bat hits you. The bat barely misses you.
You claw the bat!
You kill the bat!
No target in view!
No target in view!
No target in view!
No target in view!
No target in view!
No target in view!
You see here a bat corpse.
A ball python comes into view.
The ball python hisses angrily.
A ball python is nearby!
A ball python is nearby!
A ball python is nearby!
The ball python closely misses you. The ball python bites you.
You barely miss the ball python. The ball python closely misses you.
You scratch the ball python.
You kill the ball python!
No target in view!
No target in view!
No target in view!
You now have 99 gold pieces (gained 12).
k - 4 scrolls labelled OTWUDUACOI (gained 1)
A bat comes into view.
A bat is nearby!
A bat is nearby!
An adder comes into view.
The adder hisses angrily.
The bat hits you but does no damage.
You scratch the bat but do no damage. The bat barely misses you. x2
The bat closely misses you.
You closely miss the bat. The bat barely misses you.
Found a scroll labelled GENAOTSOEMM.
The bat barely misses you. x2
You closely miss the bat. The bat barely misses you.
You barely miss the adder. The adder bites you but does no damage.
You claw the adder!
You kill the adder!
The bat barely misses you.
A bat is nearby!
A bat is nearby!
A bat is nearby!
The bat misses you.
You see here an adder corpse.
You closely miss the bat. The bat closely misses you.
You completely miss the bat. The bat misses you.
The bat hits you but does no damage.
You barely miss the bat. The bat closely misses you.
The bat hits you but does no damage. The bat closely misses you.
The bat hits you but does no damage.
A bat is nearby!
A bat is nearby!
A bat is nearby!
You barely miss the bat. The bat misses you.
You barely miss the bat. The bat hits you but does no damage.
The bat closely misses you.
You claw the bat!
You kill the bat!
No target in view!
No target in view!
Found a scale mail.
j - 2 scrolls labelled GENAOTSOEMM (gained 1)
A bat comes into view.
You see here 9 gold pieces.
A bat is nearby!
A bat is nearby!
A bat is nearby!
A bat is nearby!
A bat is nearby!
The bat hits you but does no damage.
You claw the bat!
You kill the bat!
No target in view!
No target in view!
No target in view!
No target in view!
You now have 108 gold pieces (gained 9).
You now have 119 gold pieces (gained 11).
You now have 122 gold pieces (gained 3).
A malevolent force fills the Dungeon...
You fall into a shaft and drop 1 floor!
The shaft crumbles and collapses.
Found a stone staircase leading up and a stone staircase leading down.
Are you sure you want to abandon this character and quit the game? (Confirm with "yes".)

##..##....
#........#
#........#
.....<...
.........
........###
#......#
#...@.#
#.....#
##..#...
### ##...
#.... ....
..> ..


There were no monsters in sight!

Vanquished Creatures
  Pargi (D:3)
  3 gnolls (D:2)
  4 adders
  A ribbon worm (D:2)
  2 dart slugs
  2 endoplasms
  10 giant cockroaches
  7 goblins
  4 hobgoblins
  7 jackals (D:1)
  4 quokkas (D:1)
  13 ball pythons
  11 bats
  A frilled lizard (D:1)
  4 kobolds
  4 rats
78 creatures vanquished.

Notes
Turn   | Place    | Note
-------+----------+-------------------------------------------
     0 | D:1      | EnegeticOcto the Troll Monk began the quest for the Orb.
     0 | D:1      | Reached XP level 1. HP: 22/22 MP: 0/0
    40 | D:1      | Reached XP level 2. HP: 25/29 MP: 1/1
   133 | D:1      | Reached XP level 3. HP: 36/36 MP: 2/2
   637 | D:2      | Reached skill level 4 in Unarmed Combat
   675 | D:2      | Reached XP level 4. HP: 44/44 MP: 3/3
   750 | D:2      | Reached skill level 3 in Dodging
   765 | D:2      | Reached skill level 3 in Fighting
  1323 | D:3      | Reached XP level 5. HP: 53/53 MP: 4/4
  1472 | D:3      | Noticed Pargi
  1483 | D:3      | Killed Pargi
  1484 | D:3      | Reached skill level 5 in Unarmed Combat
  1708 | D:3      | You fall into a shaft and drop 1 floor!
  1709 | D:4      | Quit the game

Illustrated notes

Levels and vault maps discovered:
D:1:      dpeg_arrival_windows_large_door, layout_rooms, hangedman_decor_points,
          minmay_misc_feat_doors
D:2:      minmay_roachtagon, layout_loops_cross, glass_columns_b
D:3:      layout_basic, grunt_decor_arrowhead, minmay_misc_feat_room, uniq_pargi
D:4:      layout_cave_pools, gammafunk_ghost_grave, minmay_unequal, uniq_sigmund

Skill      XL: |  1  2  3  4  5 |
---------------+----------------+-----
Unarmed Combat | 4 5 |  5.1
Dodging        | 3 |  3.4
Fighting       | 3 |  3.3

Action                     |  1- 3 |  4- 6 || total
---------------------------+-------+-------++-------
  Melee: Unarmed           |    81 |    84 ||   165
 Armour: Robe              |    67 |    47 ||   114
  Dodge: Dodged            |    45 |    48 ||    93

Table legend:
 A = Kills in this place as a percentage of kills in the entire game.
 B = Kills by you in this place as a percentage of kills by you in the entire game.
 C = Kills by friends in this place as a percentage of kills by friends in the entire game.
 D = Other kills in this place as a percentage of other kills in the entire game.
 E = Experience gained in this place as a percentage of experience gained in the entire game.
 F = Experience gained in this place divided by the number of levels of this place that you have seen.
                   A       B       C       D       E      F
               +-------+-------+-------+-------+-------+----------------------
         Total | 100.0 | 100.0 |   N/A |   N/A | 100.0 |  87.0
       Dungeon | 100.0 | 100.0 |   N/A |   N/A | 100.0 |  87.0
               +-------+-------+-------+-------+-------+----------------------

Table legend: (Time is in decaauts)
 A = Elapsed time spent in this place.
 B = Non-inter-level travel time spent in this place.
 C = Inter-level travel time spent in this place.
 D = Time resting spent in this place.
 E = Time spent auto-exploring this place.
 F = Levels seen in this place.
 G = Mean time per level.
                   A        B        C        D        E       F      G
               +--------+--------+--------+--------+--------+-----+--------+
         Total |   1696 |   1681 |     15 |      0 |   1344 |   4 |  424.0 |
       Dungeon |   1696 |   1681 |     15 |      0 |   1344 |   4 |  424.0 |
               +--------+--------+--------+--------+--------+-----+--------+

Top non-repeatable levels by time:
     D:2: 613 daAuts
     D:3: 592 daAuts
     D:1: 489 daAuts
     D:4: 0 daAuts
